 Dungeon Crawl Stone Soup version 0.19-a0-1782-g81ad427 (webtiles) character file.

337 CInkIbrahim the Poker (level 6, 0/39 HPs)
             Began as an Octopode Gladiator on Oct 3, 2016.
             Slain by an orc
             ... wielding a +0 dagger
              (2 damage)
             ... on level 4 of the Dungeon.
             The game lasted 00:04:08 (3166 turns).

CInkIbrahim the Poker (Octopode Gladiator)          Turns: 3166, Time: 00:04:09

Health: 0/39       AC:  1    Str: 14    XL:     6   Next: 54%
Magic:  6/6        EV: 14    Int: 11    God:
Gold:   292        SH:  0    Dex: 14    Spells: 0 memorised, 5 levels left

rFire  + . .     SeeInvis .     a - +1 trident
rCold  + . .     Gourm    .     (no shield)
rNeg   . . .     Faith    .     b - +0 hat
rPois  .         Spirit   .     (no amulet)
rElec  .         Dismiss  .     i - ring of protection from fire
rCorr  .         Reflect  .     (no ring)
MR     .....     Harm     .     (no ring)
Stlth  ++........               r - ring of wizardry
                                (no ring)
                                l - ring of protection from cold
                                (no ring)
                                (no ring)

@: confused
A: almost no armour, stealthy swim, amphibious, 8 rings, constrict 8, camouflage
1, gelatinous body 1
a: no special abilities


You were on level 4 of the Dungeon.
You were not hungry.

You visited 1 branch of the dungeon, and saw 4 of its levels.

You collected 292 gold pieces.

Inventory:

Hand Weapons
 a - a +1 trident (weapon)
Missiles
 c - 3 throwing nets (quivered)
 v - 3 tomahawks
 y - 2 exploding tomahawks
Armour
 b - a +0 hat (worn)
Jewellery
 i - a ring of protection from fire (left tentacle)
 l - a ring of protection from cold (on tentacle)
 r - a ring of wizardry (on tentacle)
Scrolls
 j - a scroll of blinking
 o - a scroll of remove curse
 q - 3 scrolls of amnesia
 w - a scroll of fog {unknown}
 x - a scroll of enchant weapon
Potions
 e - a potion of flight {unknown}
 g - a potion of resistance {unknown}
 k - 2 potions of agility
 m - 2 potions of heal wounds
 p - a potion of curing {unknown}
 s - a potion of berserk rage
 u - a potion of might {unknown}
Comestibles
 d - 4 bread rations
 f - a fruit
 n - a beef jerky
 t - 2 meat rations


   Skills:
 - Level 2.0 Fighting
 + Level 7.1 Polearms
 - Level 2.0 Throwing
 - Level 3.0 Dodging


You had 5 spell levels left.
You didn't know any spells.

Dungeon Overview and Level Annotations

Branches:
Dungeon (4/15)             Temple (0/1) D:4

Altars:
Gozag
Sif Muna
Yredelemnul


Innate Abilities, Weirdness & Mutations

You cannot wear most types of armour.
You are very stealthy in the water.
You are amphibious.
You can wear up to eight rings at the same time.
You can use your tentacles to constrict eight enemies at once.
Your skin changes colour to match your surroundings (Stealth+).
Your rubbery body absorbs attacks. (AC +1, EV +1)


Message History

The orc hits you with a dagger.
You're too confused to move!
You constrict the orc wizard. The orc hits you with a club.
The orc wizard misses you. The orc misses you.
You release your grip on the orc wizard.
The orc throws a tomahawk.
The tomahawk hits you.
You see here a tomahawk.
You bump into the rock wall.
The orc wizard hits you but does no damage.
You closely miss the orc wizard.
The orc wizard is almost dead.
The orc hits you but does no damage.
The orc wizard points at you and mumbles some strange words.
The magic dart hits you!
* * * LOW HITPOINT WARNING * * *
You closely miss the orc wizard.
The orc wizard is almost dead.
The orc hits you with a club.
* * * LOW HITPOINT WARNING * * *
The orc hits you with a dagger.
You die...

#.#.....................
#.#....................#
#.......#..............#
........#..............#
.......######...#..>...#
................#......##
.........................
..............##oo)......
..............##@o.......
..............##.....!...
..............##.........
..............###########
......######### #######


You could see an orc wizard and 2 orcs.

Vanquished Creatures
  The ghost of drd the Sneak, a weakling OpAs (D:3)
  An orc priest (D:4)
  3 orc wizards (D:4)
  An iguana (D:4)
  Ijyb (D:3)
  3 adders
  An ooze (D:3)
  3 worms
  2 dart slugs
  4 leopard geckos
  12 orcs
  2 ball pythons (D:1)
  5 giant cockroaches
  6 hobgoblins
  5 jackals
  9 bats
  2 frilled lizards
  12 goblins
  4 kobolds
  A quokka skeleton (D:4)
  4 rats
82 creatures vanquished.

Notes
Turn   | Place    | Note
-------+----------+-------------------------------------------
     0 | D:1      | CInkIbrahim the Octopode Gladiator began the quest for the Orb.
     0 | D:1      | Reached XP level 1. HP: 14/14 MP: 1/1
   148 | D:1      | Reached XP level 2. HP: 19/19 MP: 2/2
   478 | D:1      | Reached skill level 4 in Polearms
   481 | D:1      | Reached XP level 3. HP: 14/24 MP: 3/3
  1435 | D:2      | Reached XP level 4. HP: 29/29 MP: 4/4
  1545 | D:2      | Found a deep blue altar of Sif Muna.
  1586 | D:3      | Reached skill level 5 in Polearms
  1655 | D:3      | Noticed drd's ghost (weakling OpAs)
  1663 | D:3      | Killed drd's ghost
  1663 | D:3      | Reached XP level 5. HP: 28/34 MP: 5/5
  1775 | D:3      | Noticed Ijyb
  1787 | D:3      | Killed Ijyb
  2184 | D:3      | Reached skill level 6 in Polearms
  2504 | D:3      | Found a basalt altar of Yredelemnul.
  2504 | D:3      | Found an opulent altar of Gozag.
  2644 | D:4      | Reached XP level 6. HP: 25/39 MP: 6/6
  2880 | D:4      | Found an opulent altar of Gozag.
  2922 | D:4      | Reached skill level 7 in Polearms
  3148 | D:4      | Found a staircase to the Ecumenical Temple.
  3166 | D:4      | Slain by an orc

Vault maps used:
D:1:      minmay_arrival_solitary_statue
D:2:      nicolae_overflow_hidden_temple, first_bread
D:3:      gammafunk_temple_overflow_elements, uniq_iyjb
D:4:      st_stairs_14, grunt_gozag_breadcrumbs

Skill      XL: |  1  2  3  4  5  6 |
---------------+-------------------+-----
Polearms       | 4 5 6 7 |  7.1
Fighting       | |  2.0
Throwing       | |  2.0
Dodging        | |  3.0

Action                   |  1- 3 |  4- 6 || total
-------------------------+-------+-------++-------
Melee: Trident           |    85 |   114 ||   199
       Constrict         |    17 |    25 ||    42
       Tentacles         |    10 |    22 ||    32
  Use: Scroll            |       |     9 ||     9
 Stab: Sleeping          |    10 |     2 ||    12
       Distracted        |     1 |       ||     1
  Eat: Chunk             |       |     7 ||     7
Armor: Skin              |     6 |     5 ||    11
Dodge: Dodged            |    47 |    64 ||   111
